 Dungeon Crawl Stone Soup version 0.20-a0-1116-gaa52201 (webtiles) character file.

7213 grindst0ne the Fighter (level 10, -7/89 HPs)
             Began as a Demonspawn Berserker on May 7, 2017.
             Was a High Priest of Trog.
             Mangled by a freezing wraith (16 damage)
             ... on level 10 of the Dungeon.
             The game lasted 00:22:47 (8900 turns).

grindst0ne the Fighter (Demonspawn Berserker)       Turns: 8900, Time: 00:22:48

Health: -7/89      AC: 18    Str: 28    XL:     10   Next: 87%
Magic:  8/8        EV: 13    Int:  5    God:    Trog [*****.]
Gold:   288        SH:  0    Dex: 17    Spells: 9/9 levels left

rFire    . . .     SeeInvis .   u - +1 dire flail (venom)
rCold    . . .     Gourm    .   (shield currently unavailable)
rNeg     . . .     Faith    +   O - +1 chain mail "Nemuwnya" {MR++ Int-3}
rPois    .         Spirit   .   o - +1 helmet
rElec    +         Reflect  .   (no cloak)
rCorr    .         Harm     .   (gloves unavailable)
MR       ++...                  d - +2 pair of boots {run}
Stlth    ..........             s - amulet of faith
Regen    0.3/turn               x - +5 ring of strength
MPRegen  0.2/turn               r - +4 ring of strength

@: fainting, slowed, very slow
A: claws 3, hooves 1, thin skeletal structure 1, blurry vision 1, low mp 2,
powered by pain 1, screaming 1, electricity resistance, spiny 1
a: Berserk, Trog's Hand, Brothers in Arms, Burn Spellbooks, Renounce Religion


You were on level 10 of the Dungeon.
You worshipped Trog.
Trog was extremely pleased with you.
You were fainting.

You visited 1 branch of the dungeon, and saw 10 of its levels.

You collected 456 gold pieces.
You spent 168 gold pieces at shops.

Inventory:

Hand Weapons
 a - a +0 hand axe
 h - a +1 short sword of draining
 i - a +1 mace of crushing
 u - a +1 dire flail of venom (weapon)
 B - a +0 great sword of distortion
 Q - a +0 giant club
Missiles
 y - 9 tomahawks (quivered)
Armour
 b - a +0 animal skin
 d - a +2 pair of boots of running (worn)
 o - a +1 helmet (worn)
 q - a +0 chain mail
 H - +0 steam dragon scales
 M - a +1 chain mail of magic resistance
 O - the +1 chain mail "Nemuwnya" (worn) {MR++ Int-3}
   (You found it on level 9 of the Dungeon)

   It affects your intelligence (-3).
   It affects your resistance to hostile enchantments.
Jewellery
 p - an uncursed ring of fire
 r - a +4 ring of strength (right claw)
 s - an amulet of faith (around neck)
 x - a +5 ring of strength (left claw)
 C - an uncursed ring of protection from magic {unknown}
 E - a +3 ring of intelligence {unknown}
Wands
 n - a wand of acid (2/15)
 F - a wand of lightning (8/15)
 J - a wand of digging (3/24)
Scrolls
 e - 7 scrolls of identify
 g - 6 scrolls of teleportation
 t - 5 scrolls of remove curse
 G - a scroll of enchant armour
 K - 2 scrolls of noise {unknown}
Potions
 f - a potion of flight
 k - a potion of might
 l - 2 potions of brilliance
 w - a potion of heal wounds
 z - 5 potions of curing
 A - a potion of ambrosia
 D - a potion of degeneration
 L - a potion of haste {unknown}
 P - a potion of mutation {unknown}
Books
 I - a book of Cantrips

   Spells                             Type                      Level
   a - Confusing Touch                Hexes                        1
   b - Animate Skeleton               Necromancy                   1
   c - Summon Small Mammal            Summoning                    1
   d - Apportation                    Translocation                1
   Trog disapproves of the use of such an item.
Comestibles
 c - 10 bread rations
 j - 4 meat rations
 m - 3 royal jellies
 v - 10 fruits
 N - 6 chunks of flesh


   Skills:
 - Level 11.9 Fighting
 - Level 2.6 Axes
 + Level 9.4 Armour
 + Level 6.1 Dodging
 - Level 1.0 Unarmed Combat


You had 9 spell levels left.
You didn't know any spells.

Dungeon Overview and Level Annotations

Branches:
Dungeon (10/15)            Temple (0/1) D:4
   Lair: D:8-11         Orc: D:9-12

Altars:
Ashenzari
Cheibriados
Fedhas
Makhleb
Ru
Sif Muna
Uskayaw
Wu Jian
Xom
The Shining One

Shops:
D:5 !   D:7 [


Innate Abilities, Weirdness & Mutations

You have claws for hands.
You have a somewhat thin skeletal structure. (Dex +2, Stealth)
You sometimes gain a little power by taking damage.
You are partially covered in sharp spines.
You have large cloven feet.
Scrolls take you a little longer to read.
Your magical capacity is very low. (-20% MP)
You occasionally shout uncontrollably at your foes.
You are resistant to electric shocks. (rElec)


Message History

The freezing wraith is moderately damaged.
The hungry ghost hits you.
You feel slightly more hungry. The freezing wraith hits you.
The freezing wraith freezes you! The freezing wraith hits you!
* * * LOW HITPOINT WARNING * * *
The freezing wraith drains your vigour!
You feel as though you will be slow longer.
The hungry ghost hits you.
You feel slightly more hungry. The freezing wraith misses you.
The freezing wraith hits you!
* * * LOW HITPOINT WARNING * * *
The freezing wraith drains your vigour!
You feel as though you will be slow longer.
You puncture the freezing wraith!
The freezing wraith is heavily damaged.
The hungry ghost is struck by your spines.
The hungry ghost hits you.
You feel slightly more hungry. The freezing wraith hits you.
* * * LOW HITPOINT WARNING * * *
The freezing wraith freezes you!
You die...

.............
...........######.....#
....)).....#....#.....#
....)<.....#....#..[..#
...........#....#.....##
####.......#....#.......
#.......#.... ......#
#.......###'##W....#
####.........@W....#
#...............#
#...............#
#............####
##############


You could see a freezing wraith and a hungry ghost.

Vanquished Creatures
  3 two-headed ogres
  A gargoyle (D:9)
  A spriggan (D:7)
  6 yaks (D:6)
  A steam dragon (D:8)
  A hungry ghost (D:7)
  A water moccasin (D:8)
  2 orc warriors
  3 ice beasts
  4 sky beasts
  6 ogres
  A black bear (D:9)
  A big kobold (D:8)
  3 centaurs
  6 bullfrogs
  A gnoll sergeant (D:5)
  A wyvern skeleton (D:9)
  A scorpion (D:4)
  3 killer bees (D:7)
  A howler monkey (D:5)
  A crimson imp (D:5)
  2 bullfrog zombies
  3 centaur zombies
  A gnoll shaman (D:5)
  2 jellies (D:5)
  4 orc priests
  4 hounds
  4 iguanas
  6 orc wizards
  6 worker ants
  2 hound skeletons
  Robin (D:2)
  A howler monkey skeleton (D:5)
  11 adders
  A shadow imp (D:4)
  A white imp (D:4)
  An adder zombie (D:6)
  A dart slug (D:1)
  3 worms
  A leopard gecko (D:2)
  17 orcs
  A ball python (D:1)
  6 giant cockroaches
  11 goblins
  10 hobgoblins
  5 jackals (D:4)
  11 kobolds
  A quokka (D:2)
  7 bats
  11 frilled lizards
  A giant cockroach zombie (D:5)
  A goblin skeleton (D:4)
  2 goblin zombies (D:4)
  A hobgoblin zombie (D:4)
  A jackal skeleton (D:8)
  A jackal zombie (D:5)
  A kobold zombie (D:4)
  A leopard gecko skeleton (D:6)
  A leopard gecko zombie (D:5)
  An orc skeleton (D:4)
  3 orc zombies (D:4)
  A quokka skeleton (D:5)
  4 rats
202 creatures vanquished.

Vanquished Creatures (others)
  A quokka skeleton (D:8)
1 creature vanquished.

Grand Total: 203 creatures vanquished

Notes
Turn   | Place    | Note
-------+----------+-------------------------------------------
     0 | D:1      | grindst0ne the Demonspawn Berserker began the quest for the Orb.
     0 | D:1      | Reached XP level 1. HP: 18/18 MP: 1/1
    62 | D:1      | Identified a +2 pair of boots of running (You found it on level 1 of the Dungeon)
   158 | D:1      | Gained mutation: You have sharp fingernails. [demonic ancestry]
   158 | D:1      | Reached XP level 2. HP: 7/24 MP: 2/2
   743 | D:1      | Reached skill level 4 in Fighting
  1030 | D:2      | Gained mutation: You are partially covered in sharp spines. [demonic ancestry]
  1030 | D:2      | Reached XP level 3. HP: 31/31 MP: 3/3
  1066 | D:2      | Noticed Robin
  1102 | D:2      | Reached ** piety under Trog
  1198 | D:2      | Killed Robin
  1222 | D:2      | Gained mutation: You sometimes gain a little power by taking damage. [demonic ancestry]
  1222 | D:2      | Reached XP level 4. HP: 29/38 MP: 4/4
  1364 | D:2      | Reached skill level 5 in Fighting
  2287 | D:3      | Found a shattered altar of Ashenzari.
  2579 | D:3      | Found a deep blue altar of Sif Muna.
  2616 | D:4      | Gained mutation: You have very sharp fingernails. [demonic ancestry]
  2616 | D:4      | Reached XP level 5. HP: 42/46 MP: 5/5
  2640 | D:4      | Reached skill level 6 in Fighting
  2996 | D:4      | Found a glowing golden altar of the Shining One.
  3013 | D:4      | Reached *** piety under Trog
  3088 | D:4      | Noticed an ice beast
  3097 | D:4      | Killed an ice beast
  3097 | D:4      | Reached XP level 6. HP: 50/53 MP: 6/6
  3161 | D:4      | Found a staircase to the Ecumenical Temple.
  3260 | D:4      | Reached skill level 7 in Fighting
  3364 | D:4      | Found a hazy altar of Hepliaklqana.
  3366 | D:4      | Found a shimmering altar of Xom.
  3366 | D:4      | Found a glowing golden altar of the Shining One.
  3368 | D:4      | Found a blossoming altar of Fedhas.
  3368 | D:4      | Found a burning altar of Makhleb.
  3368 | D:4      | Found a shimmering altar of Xom.
  3632 | D:5      | Entered Level 5 of the Dungeon
  3632 | D:5      | Noticed an ice beast
  3640 | D:5      | Killed an ice beast
  3640 | D:5      | Reached XP level 7. HP: 48/60 MP: 7/7
  3790 | D:5      | Reached skill level 8 in Fighting
  4223 | D:5      | Gained mutation: You have claws for hands. [demonic ancestry]
  4223 | D:5      | Reached XP level 8. HP: 58/70 MP: 8/8
  4439 | D:5      | Found Foixt's Distillery.
  4444 | D:5      | Bought a potion of heal wounds for 60 gold pieces
  4444 | D:5      | Bought 2 potions of curing for 72 gold pieces
  4444 | D:5      | Bought a potion of flight for 36 gold pieces
  4731 | D:6      | Reached skill level 9 in Fighting
  4731 | D:6      | Reached skill level 1 in Unarmed Combat
  4786 | D:6      | You fall through a shaft!
  4795 | D:7      | Reached skill level 5 in Armour
  4815 | D:7      | Found Ixeesch's Antique Armour Shop.
  4912 | D:6      | Reached skill level 10 in Fighting
  4920 | D:6      | Reached XP level 9. HP: 58/79 MP: 9/9
  5396 | D:6      | Reached **** piety under Trog
  5510 | D:6      | Reached skill level 11 in Fighting
  5627 | D:6      | Found a snail-covered altar of Cheibriados.
  5842 | D:6      | Noticed a two-headed ogre
  5853 | D:6      | Killed a two-headed ogre
  5859 | D:6      | HP: 6/123 [poisoned by a two-headed ogre]
  5863 | D:6      | HP: 2/123 [poisoned by a two-headed ogre]
  6862 | D:8      | Gained mutation: You have a somewhat thin skeletal structure. (Dex +2, Stealth) [demonic ancestry]
  6862 | D:8      | Reached XP level 10. HP: 89/89 MP: 10/10
  7253 | D:8      | Gained mutation: Scrolls take you a little longer to read. [mutagenic meat]
  7254 | D:8      | Gained mutation: You have large cloven feet. [mutagenic meat]
  7255 | D:8      | Gained mutation: Your magical capacity is low. (-10% MP) [mutagenic meat]
  7256 | D:8      | Gained mutation: You occasionally shout uncontrollably at your foes. [mutagenic meat]
  7257 | D:8      | Gained mutation: Your magical capacity is very low. (-20% MP) [mutagenic meat]
  7258 | D:8      | Gained mutation: You are resistant to electric shocks. (rElec) [mutagenic meat]
  7382 | D:8      | Reached ***** piety under Trog
  7557 | D:9      | Noticed a two-headed ogre
  7566 | D:9      | Killed a two-headed ogre
  7936 | D:9      | Reached skill level 5 in Dodging
  7959 | D:9      | Got a transparent chain mail
  7970 | D:9      | Identified the +1 chain mail "Nemuwnya" {MR++ Int-3} (You found it on level 9 of the Dungeon)
  8014 | D:9      | Noticed a two-headed ogre
  8024 | D:9      | Killed a two-headed ogre
  8491 | D:9      | Noticed a gargoyle
  8499 | D:9      | Killed a gargoyle
  8503 | D:9      | Found a hide-covered altar of Uskayaw.
  8690 | D:9      | Found a sacrificial altar of Ru.
  8690 | D:9      | Found an ornate altar of the Wu Jian Council.
  8836 | D:10     | Entered Level 10 of the Dungeon
  8900 | D:10     | Mangled by a freezing wraith

Vault maps used:
D:1:      dpeg_arrival_rhombi
D:2:      uniq_robin
D:3:      nicolae_overflow_crystal_walls, lemuel_blue_sif_altar
D:4:      wad_pebble_path, doesnt_xom_only_xom, nicolae_overflow_hidden_temple,
          temple_fountains, first_bread, nicolae_tso_besieged_by_evil
D:5:      cheibrodos_barr_body, serial_shops, kennysheep_little_box,
          st_stairs_10, minmay_misc_feat_more_columns
D:6:      slow_altar_1, grunt_decor_fettered
D:7:      serial_shops, nicolae_shop_statue_plus, the_bakery
D:9:      amethyst_overflow_temple_binary, old_standard_altar
D:10:     grunt_tough_drop, uniq_erolcha, uniq_harold

Skill      XL: |  1  2  3  4  5  6  7  8  9 10 |
---------------+-------------------------------+-----
Fighting       | 4 5 6 7 8 10 11 | 11.9
Armour         | 2 3 4 5 7 9 |  9.4
Unarmed Combat | 1 |  1.0
Dodging        | 2 6 |  6.1
Axes           | |  2.6

Action                   |  1- 3 |  4- 6 |  7- 9 | 10-12 || total
-------------------------+-------+-------+-------+-------++-------
Melee: Hand axe          |    47 |       |       |       ||    47
       Mace              |    36 |   102 |    60 |       ||   198
       Unarmed           |       |       |   100 |       ||   100
       Punch             |       |       |     1 |       ||     1
       Dire flail        |       |       |    18 |   111 ||   129
Invok: Berserk           |     3 |     7 |     5 |     5 ||    20
  Use: Scroll            |       |       |    11 |       ||    11
       Potion            |       |       |     1 |       ||     1
  Eat: Chunk             |     3 |    10 |    11 |    14 ||    38
       Bread ration      |       |     1 |     1 |     1 ||     3
Armor: Animal skin       |    23 |    14 |       |       ||    37
       Chain mail        |       |    50 |   101 |    90 ||   241
Dodge: Dodged            |    71 |    44 |    92 |    58 ||   265
